 Dungeon Crawl Stone Soup version 0.18.1-48-g4cf74bf (webtiles) character file.

121 nikopol the Skirmisher (level 4, -6/61 HPs)
             Began as a Minotaur Berserker on Sept 5, 2016.
             Was a Believer of Trog.
             Mangled by a gnoll
             ... wielding a +0 halberd
              (7 damage)
             ... on level 2 of the Dungeon.
             The game lasted 00:02:27 (1339 turns).

nikopol the Skirmisher (Minotaur Berserker)         Turns: 1339, Time: 00:02:28

Health: -6/61      AC:  6    Str: 26    XL:     4   Next: 76%
Magic:  3/3        EV: 11    Int:  4    God:    Trog [**....]
Gold:   77         SH:  0    Dex: 11    Spells: 0 memorised, 3 levels left

rFire  . . .     SeeInvis .     a - +0 hand axe
rCold  . . .     Gourm    .     i - +0 scale mail
rNeg   . . .     Faith    .     (no shield)
rPois  .         Spirit   .     (helmet restricted)
rElec  .         Dismiss  .     (no cloak)
rCorr  .         Reflect  .     (no gloves)
SustAt +         Harm     .     (no boots)
MR     .....                    (no amulet)
Stlth  ..........               (no ring)
                                j - ring of sustain attributes

@: berserking, very quick, not resistant to hostile enchantments, extremely
unstealthy
A: retaliatory headbutt, horns 2
a: Berserk, Trog's Hand, Burn Spellbooks, Renounce Religion


You were on level 2 of the Dungeon.
You worshipped Trog.
Trog was pleased with you.
You were hungry.

You visited 1 branch of the dungeon, and saw 2 of its levels.

You collected 77 gold pieces.

Inventory:

Hand Weapons
 a - a +0 hand axe (weapon)
Armour
 b - a +0 animal skin
 i - a +0 scale mail (worn)
Jewellery
 j - a ring of sustain attributes (left hand)
Scrolls
 e - a scroll of fear {unknown}
 l - a scroll of recharging {unknown}
 m - 2 scrolls of magic mapping {unknown}
 p - a scroll of teleportation {unknown}
 q - 3 scrolls of remove curse {unknown}
 s - a scroll of identify {unknown}
Potions
 d - 2 potions of flight {unknown}
 f - a potion of curing {unknown}
 g - a potion of lignification {unknown}
 h - a potion of cancellation {unknown}
 n - a potion of haste {unknown}
 o - a potion of agility {unknown}
 r - a potion of might {unknown}
Comestibles
 c - 3 bread rations
 k - a slice of pizza


   Skills:
 + Level 4.6 Fighting
 + Level 4.6 Axes
 + Level 3.5 Armour
 + Level 3.2 Dodging


You had 3 spell levels left.
You didn't know any spells.

Dungeon Overview and Level Annotations

Branches:
Dungeon (2/15)

Altars:


Innate Abilities, Weirdness & Mutations

You reflexively headbutt those who attack you in melee.
You have a pair of horns on your head.


Message History

You feel yourself moving faster!
You feel mighty!
You are feeling hungry.
The gnoll misses you.
The gnoll hits you from afar with a spear.
* * * LOW HITPOINT WARNING * * *
You slash the gnoll!
You kill the gnoll!
Trog accepts your kill. The gnoll misses you.
You see here a halberd.
You slash the gnoll! Your headbutt misses the gnoll.
The gnoll is severely wounded.
The gnoll hits you from afar with a halberd.
* * * LOW HITPOINT WARNING * * *
The gnoll completely misses you.
You hit the gnoll.
You kill the gnoll!
Trog accepts your kill.
The gnoll hits you from afar with a halberd!
You die...

###########
#..)@)g...#
#.#######.#
#############'######
...................#
...................#
...................#
........#..........+
........#..........#
........#............


You could see a gnoll.

Vanquished Creatures
  Robin (D:2)
  2 adders (D:2)
  3 gnolls (D:2)
  An ooze (D:1)
  A worm (D:2)
  A ball python (D:1)
  3 giant cockroaches
  15 goblins
  8 hobgoblins
  A quokka (D:2)
  6 bats
  3 giant newts
  5 kobolds
  3 rats
53 creatures vanquished.

Notes
Turn   | Place    | Note
--------------------------------------------------------------
     0 | D:1      | nikopol the Minotaur Berserker began the quest for the Orb.
     0 | D:1      | Reached XP level 1. HP: 19/19 MP: 0/0
   372 | D:1      | Reached XP level 2. HP: 27/27 MP: 1/1
   809 | D:2      | Reached XP level 3. HP: 33/33 MP: 2/2
   817 | D:2      | Reached ** piety under Trog
   838 | D:2      | Noticed Robin
   848 | D:2      | Killed Robin
  1032 | D:2      | Reached XP level 4. HP: 38/41 MP: 3/3
  1338 | D:2      | HP: 1/61 [gnoll/halberd (5)]
  1339 | D:2      | Mangled by a gnoll

Skill      XL: |  1  2  3 |
---------------+----------+-----
Axes           | 4 |  4.6
Fighting       | 4 |  4.6
Armour         | 3 |  3.5
Dodging        | 3 |  3.2

Action                   |  1- 3 |  4- 6 || total
-------------------------+-------+-------++-------
Melee: Hand axe          |    62 |    38 ||   100
       Headbutt          |     5 |     8 ||    13
Invok: Berserk           |     1 |     1 ||     2
  Eat: Chunk             |     1 |     1 ||     2
Armor: Animal skin       |     2 |       ||     2
       Scale mail        |    29 |    11 ||    40
Dodge: Dodged            |    32 |    24 ||    56
